 Dungeon Crawl Stone Soup version 0.32-a0-685-g93135e86f0 (webtiles) character file.

Game seed: 3685993360795582480

574 Esekla the Shield-Bearer (level 7, 0/57 HPs)
             Began as a Mountain Dwarf Wanderer on Mar 12, 2024.
             Slain by an ogre
             ... wielding a +0 giant club
              (24 damage)
             ... on level 4 of the Dungeon.
             The game lasted 00:28:41 (3667 turns).

Esekla the Shield-Bearer (Mountain Dwarf Wanderer)  Turns: 3667, Time: 00:28:42

Health: 0/57       AC:  7    Str: 14    XL:     7   Next: 12%
Magic:  1/10       EV: 16    Int: 14    God:
Gold:   266        SH:  4    Dex: 10    Spells: 4/10 levels left

rFire   . . .        a - +1 hand axe
rCold   + . .        e - +0 buckler {AC+3}
rNeg    . . .        d - +0 leather armour
rPois   .            (no helmet)
rElec   .            (no cloak)
rCorr   .            b - +0 pair of gloves
SInv    .            (no boots)
Will    .....        p - amulet of regeneration
Stlth   +            n - ring of protection from cold
HPRegen 1.09/turn    x - +5 ring of evasion
MPRegen 0.12/turn

%: no passive effects
@: lethally poisoned (0 -> 0), very slightly contaminated
A: runic magic, artefact enchanting
a: no special abilities


You were on level 4 of the Dungeon.
You visited 2 branches of the dungeon, and saw 6 of its levels.

You collected 266 gold pieces.

Inventory:

Hand Weapons
 a - a +1 hand axe (weapon)
 l - a +0 dagger
 u - a +0 trident
Missiles
 o - 2 throwing nets
 y - 6 javelins
Armour
 b - a +0 pair of gloves (worn)
 d - a +0 leather armour (worn)
 e - a +0 buckler of protection (worn)
Jewellery
 g - a ring of fire
 n - a ring of protection from cold (left hand)
 p - an amulet of regeneration (around neck)
 x - a +5 ring of evasion (right hand)
Wands
 w - a wand of charming (13)
Scrolls
 c - a scroll of fog
 j - 2 scrolls of immolation {unknown}
 k - 2 scrolls of revelation {unknown}
 m - 2 scrolls of enchant weapon
 q - a scroll of enchant armour {unknown}
 t - 2 scrolls of blinking {unknown}
Potions
 f - 3 potions of lignification
 h - a potion of enlightenment
 i - 2 potions of haste
 r - a potion of cancellation
 s - a potion of heal wounds
 v - a potion of curing {unknown}


   Skills:
 * Level 3.2 Fighting
 + Level 3.0 Axes
 + Level 1.9 Armour
 + Level 1.6 Dodging
 + Level 3.7 Shields
 * Level 2.0 Spellcasting
 * Level 2.2 Conjurations
 * Level 1.4 Translocations
 * Level 1.9 Air Magic
 + Level 3.7 Alchemy


You had 4 spell levels left.
You knew the following spells:

 Your Spells              Type           Power      Damage    Failure   Level
a - Sting                 Conj/Alch      36%        1d5       10%         1
b - Blink                 Tloc           10%        N/A       28%         2
c - Mephitic Cloud        Conj/Alch/Air  8%         N/A       34%         3

Your spell library contained the following spells:

 Spells                   Type           Power      Damage    Failure   Level
 Mercury Vapours          Alch/Air       18%        N/A       16%         2
 Momentum Strike          Conj/Tloc      12%        3d8       24%         2
 Lesser Beckoning         Tloc           10%        N/A       28%         2
 Olgreb's Toxic Radiance  Alch           11%        N/A       58%         4
 Inner Flame              Hex/Fire       1%         N/A       69%         3
 Sticky Flame             Fire/Alch      6%         2d4       83%         4
 Flame Wave               Conj/Fire      4%         2d5       91%         4


Dungeon Overview and Level Annotations

Branches:
Dungeon (5/15)             Temple (1/1) D:4

Altars:
Ashenzari
Cheibriados
Elyvilon
Fedhas
Hepliaklqana
Makhleb
Nemelex Xobeh
Okawaru
Qazlal
Ru
Uskayaw
Wu Jian
Xom
Yredelemnul
Zin
The Shining One

Shops:
D:4 (

Annotations:
D:1 dig 4 treasure
D:2 1 runed translucent door, Crazy Yiuf


Innate Abilities, Weirdness & Mutations

Your spellcasting is much less encumbered by armour.
You can use scrolls of enchantment on lesser artefacts.


Message History

Aiming: Mephitic Cloud (dangerous; 34% risk of failure)
Press: ? - help, Shift-Dir - straight line, p - ogre You miscast Mephitic Cloud.
Sparks fly from your hands!
Casting: Mephitic Cloud (dangerous; 34% risk of failure)
Confirm with . or Enter, or press ? or * to list all spells.
Aiming: Mephitic Cloud (dangerous; 34% risk of failure)
Press: ? - help, Shift-Dir - straight line, f - ogre
Aim: an ogre, wielding a +0 giant club (chance to affect: 77%)
You miscast Mephitic Cloud.
Nothing appears to happen.
The ogre misses you.
You climb upwards.
There is a stone staircase leading down here.
Casting: Mephitic Cloud (dangerous; 34% risk of failure)
Confirm with . or Enter, or press ? or * to list all spells.
Aiming: Mephitic Cloud (dangerous; 34% risk of failure)
Press: ? - help, Shift-Dir - straight line You miscast Mephitic Cloud.
Parts of your body briefly turn golden.
You are poisoned.
You feel extremely sick. The ogre closely misses you.
You hit the ogre.
The ogre is lightly wounded.
You feel very sick.
You slash the ogre!
The ogre is moderately wounded.
You feel very sick. The ogre misses you.
You hit the ogre.
The ogre is heavily wounded.
You feel very sick. The ogre hits you with a +0 giant club!
You hit the ogre.
The ogre is heavily wounded.
You feel very sick. You block the ogre's attack.
You hit the ogre but do no damage.
The ogre is heavily wounded.
You feel sick.
The ogre hits you with a +0 giant club!!
You die...

#.........##...##.....#..#..
#.........########....##.>..
##..........# #......###..
#...........#####.......###.
#...........#.....##"...# #.
#....)......#.########..###.
#.............# #......
#.......#####.# #.###<.
##......#..@#.########.#####
##.....#.>O#...............
####..#...#..#######.####.
#.).#.∩.#.## #...##.
#.#.#.[.#.# ###.##.
#.#.#####.# #....
#........## ####. ###....###
#. ###### #.


You could see an ogre.

Vanquished Creatures
  3 scorpions
  A bombardier beetle (D:3)
  A hound (D:5)
  2 iguanas
  Natasha (thrice) (D:2)
  An orc wizard (D:5)
  8 adders
  8 dart slugs
  3 ribbon worms
  6 orcs
  9 endoplasms
  5 giant cockroaches
  6 hobgoblins
  3 jackals (D:1)
  3 kobolds
  9 ball pythons
  4 bats
  2 frilled lizards (D:2)
  6 goblins
  4 rats
87 creatures vanquished.

Notes
Turn   | Place    | Note
-------+----------+-------------------------------------------
     0 | D:1      | Esekla the Mountain Dwarf Wanderer began the quest for the
                  | Orb.
     0 | D:1      | Esekla set off with the following items: a +0 club, a +0
                  | pair of gloves, a scroll of fog, a +0 leather armour, a +0
                  | buckler of protection; and the following spell memorised:
                  | Sting; and the following spells available to memorise:
                  | Mephitic Cloud.
     0 | D:1      | Reached XP level 1. HP: 14/14 MP: 2/2
    94 | D:1      | Reached XP level 2. HP: 20/20 MP: 3/3
   449 | D:1      | Reached skill level 1 in Conjurations
   551 | D:1      | Learned a level 2 spell: Blink
   762 | D:1      | Reached XP level 3. HP: 26/26 MP: 2/4
  1030 | D:2      | Reached skill level 1 in Air Magic
  1087 | D:2      | Reached skill level 1 in Fighting
  1119 | D:2      | Noticed a scorpion
  1123 | D:2      | Noticed Natasha
  1139 | D:2      | Killed a scorpion
  1140 | D:2      | Reached skill level 1 in Axes
  1140 | D:2      | Reached XP level 4. HP: 19/36 MP: 0/5
  1155 | D:2      | Killed Natasha
  1156 | D:2      | Reached XP level 5. HP: 17/42 MP: 6/6
  1352 | D:2      | Learned a level 3 spell: Mephitic Cloud
  1395 | D:2      | Found a faded altar of an unknown god.
  1486 | D:2      | Noticed Natasha
  1497 | D:2      | Killed Natasha
  1529 | D:2      | Found a burning altar of Makhleb.
  1560 | D:2      | Noticed Natasha
  1566 | D:2      | Killed Natasha
  1654 | D:2      | Found a runed translucent door.
  1655 | D:2      | Noticed Crazy Yiuf
  2605 | D:3      | Reached XP level 6. HP: 50/50 MP: 4/8
  2685 | D:3      | Found a faded altar of an unknown god.
  2695 | D:3      | Found a snail-covered altar of Cheibriados.
  2777 | D:4      | Found Vohoul's Antique Weapon Shop.
  2805 | D:4      | Reached skill level 1 in Translocations
  2899 | D:4      | Found a staircase to the Ecumenical Temple.
  2911 | Temple   | Entered the Ecumenical Temple
  3201 | D:5      | Entered Level 5 of the Dungeon
  3227 | D:5      | Noticed a water moccasin
  3401 | D:5      | Reached XP level 7. HP: 57/57 MP: 7/9
  3667 | D:4      | Slain by an ogre

Illustrated notes

Levels and vault maps discovered:
D:1:      scummos_arrival_hexagon, layout_basic, serial_glass, glass_columns_a,
          glass_columns_b, glass_columns_a, glass_columns_a, glass_columns_a,
          glass_columns_a, glass_columns_a, glass_columns_b, glass_columns_a,
          glass_columns_c, due_unseen_surprise
D:2:      layout_rooms, basic_altar,
          dreamdust_ecumenical_altar_angels_and_demons, minmay_misc_feat_room,
          grunt_decor_mini_mirrors, grunt_ministairs_14, uniq_natasha,
          uniq_crazy_yiuf_cottage
D:3:      layout_basic, nicolae_overflow_ecumenical_swirl
D:4:      layout_rooms, minmay_temple_entry_statues_fountains, serial_shops,
          nicolae_take_the_stairs
D:5:      layout_cave_pools, trog_three_pillars_becter
Temple:   nicolae_temple_bog_church

Skill      XL: |  1  2  3  4  5  6  7 |
---------------+----------------------+-----
Conjurations   | 1 2 |  2.2
Air Magic      | 1 |  1.9
Fighting       | 1 2 3 |  3.2
Axes           | 1 2 3 |  3.0
Translocations | 1 |  1.4
Spellcasting   | 2 |  2.0
Armour         | |  1.9
Dodging        | |  1.6
Shields        | |  3.7
Alchemy        | |  3.7

Action                     |  1- 3 |  4- 6 |  7- 9 || total
---------------------------+-------+-------+-------++-------
  Melee: Club              |    73 |       |       ||    73
         Hand axe          |    32 |   145 |    34 ||   211
         Dagger            |       |    15 |       ||    15
   Cast: Sting             |    21 |    43 |     9 ||    73
         Mephitic Cloud    |       |     2 |     1 ||     3
    Use: Scroll            |       |     6 |       ||     6
         Potion            |       |     3 |     1 ||     4
   Stab: Confused          |       |     1 |       ||     1
 Armour: Leather armour    |    73 |    96 |    12 ||   181
         Skin              |       |     9 |       ||     9
  Dodge: Dodged            |    50 |    97 |    14 ||   161
  Block: Buckler           |    28 |    41 |     7 ||    76

Table legend: (Time is in decaauts)
 A = Elapsed time spent in this place.
 B = Non-inter-level travel time spent in this place.
 C = Inter-level travel time spent in this place.
 D = Time resting spent in this place.
 E = Time spent auto-exploring this place.
 F = Levels seen in this place.
 G = Mean time per level.
                   A        B        C        D        E       F      G
               +--------+--------+--------+--------+--------+-----+--------+
         Total |   3741 |   3654 |     87 |    406 |   1036 |   6 |  623.5 |
       Dungeon |   3688 |   3614 |     74 |    406 |   1036 |   5 |  737.6 |
        Temple |     52 |     39 |     13 |      0 |      0 |   1 |   52.0 |
               +--------+--------+--------+--------+--------+-----+--------+

Top non-repeatable levels by time:
     D:2: 1006 daAuts
     D:3: 907 daAuts
     D:1: 906 daAuts
     D:4: 558 daAuts
     D:5: 309 daAuts
  Temple: 52 daAuts
